 Dungeon Sprint DCSS version 0.30-a0-972-gf3ab3527aa (webtiles) character file.

Game seed: 15634536030216971111

6604 BigDaddyOpFi the Soothsayer (level 10, -8/88 HPs)
             Began as a Demonspawn Fighter on Mar 31, 2023.
             Was a Priest of Nemelex Xobeh.
             Mangled by a shadow wraith (12 damage)
             ... in the Dungeon (Sprint VII: "The Pits").
             The game lasted 00:05:03 (2144 turns).

BigDaddyOpFi the Soothsayer (Demonspawn Fighter)    Turns: 2144, Time: 00:05:03

Health: -8/88      AC: 19    Str: 20    XL:     10   Next: 71%
Magic:  23/23      EV: 13    Int: 10    God:    Nemelex Xobeh [***...]
Gold:   0          SH:  7    Dex: 16    Spells: 9/9 levels left

rFire   . . .      SeeInvis .    p - +1 broad axe of Equilibrium {drain, Dex+3}
rCold   . . .      Faith    .    c - +0 buckler
rNeg    . . .      Spirit   .    o - +4 chain mail
rPois   .          Reflect  .    (no helmet)
rElec   .          Rampage  .    (cloak unavailable)
rCorr   .          NoTele   +    (no gloves)
Will    .....                    n - +0 pair of boots Stlth
                                 (no amulet)
HPRegen 0.34/turn                b - +3 ring of evasion
MPRegen 0.18/turn                m - +3 ring of evasion

@: slowed, very slow
A: slimy green scales 1, powered by death 1, weakness stinger 3
a: Renounce Religion, Draw Escape, Draw Destruction, Draw Summoning, Triple Draw


You were in the Dungeon.
You worshipped Nemelex Xobeh.
Nemelex Xobeh was most pleased with you.
You visited 1 branch

Inventory:

Hand Weapons
 p - the +1 broad axe of Equilibrium (weapon) {drain, Dex+3}
   (You found it in the Dungeon)

   Dex:       It affects your dexterity (+3).
Armour
 a - the +3 hat of Pondering {ponderous, Will+ MP+10 Int+5}
   (You took it off Gastronok in the Dungeon)

   Int:       It affects your intelligence (+5).
   MP:        It affects your magic capacity (+10).
   Will:      It increases your willpower.
 c - a +0 buckler (worn)
 n - a +0 pair of boots (worn)
 o - a +4 chain mail (worn)
Jewellery
 b - a +3 ring of evasion (left hand)
 m - a +3 ring of evasion (right hand)
Potions
 d - a potion of might
 e - 8 potions of curing
 g - 2 potions of haste
 h - 4 potions of magic
 i - 5 potions of berserk rage
 k - 2 potions of invisibility


   Skills:
 + Level 11.2 Fighting
 + Level 10.1 Axes
 + Level 10.3 Armour
 + Level 10.4 Shields
 * Level 19.1 Invocations


You had 9 spell levels left.
You didn't know any spells.
Your spell library was empty.

Dungeon Overview and Level Annotations

Branches:
Dungeon (1/1)

Altars:
Ashenzari
Cheibriados
Dithmenos
Fedhas
Gozag
Hepliaklqana
Kikubaaqudgha
Makhleb
Nemelex Xobeh
Okawaru
Qazlal
Ru
Sif Muna
Trog
Uskayaw
Vehumet
Wu Jian
Xom
Yredelemnul
Jiyva
Lugonu


Innate Abilities, Weirdness & Mutations

You are partially covered in slimy green scales. (AC +2)
You regenerate a little health from kills.
You have a sharp stinger which inflicts weakening toxins.


Message History

Something hits you!
* * * LOW HITPOINT WARNING * * *
You feel much better.
The demonic crawler hits you but does no damage.
You block the demonic crawler's attack. The demonic crawler closely misses you.
Something hits you! Something drains your vigour!
You feel as though you will be slow longer.
You block the demonic crawler's attack. x2; The demonic crawler hits you.
You feel much better. The demonic crawler hits you.
The demonic crawler hits you but does no damage.
The demonic crawler completely misses you.
The death yak gores you! Something hits you but does no damage.
The demonic crawler misses you.
The demonic crawler hits you but does no damage.
The demonic crawler hits you. You block something's attack.
You draw a card...
You have drawn the Cloud.
Clouds appear around you! You block the demonic crawler's attack.
The demonic crawler hits you.
* * * LOW HITPOINT WARNING * * *
The demonic crawler misses you. The death yak misses you.
The death yak gores you but does no damage. x2
Something hits you but does no damage. The demonic crawler hits you!
* * * LOW HITPOINT WARNING * * *
The demonic crawler hits you but does no damage.
The demonic crawler hits you!
* * * LOW HITPOINT WARNING * * *
Unknown command.
You feel much better.
The demonic crawler hits you but does no damage.
You block the demonic crawler's attack. The demonic crawler misses you.
The death yak gores you!
* * * LOW HITPOINT WARNING * * *
The death yak barely misses you. x2; Something barely misses you.
You block the demonic crawler's attack.
The demonic crawler hits you but does no damage.
The demonic crawler closely misses you. You block the death yak's attack.
The death yak gores you.
* * * LOW HITPOINT WARNING * * *
Something hits you!
You die...
Your body disappears without a glow.

###'#####''######
.......##''############
.......##......'..'†..###
.......##......').'†....##
...<...##.....##..##.....## #
.......##...###....###....# .#
.......##..##..§§§§..###)### .#
.......##''#...#YY#...#)...#Y.#l
#########......§@sY.YlT.)..'.h†)
#########'[#...#Y{#...#....#..#.
..#....##..##..§F§§..###)###
..#..[[##...###....###).†.#
..'..))##.... ##..##.....##
..#..)[###.... +..+.....##
..#..))# ###...+..+...##
######## ##########


You could see 4 death yaks, a demonic crawler (very poisoned) and a cane toad.

Vanquished Creatures
  Gastronok (D)
  An orc knight (D)
  A wolf spider (D)
  An elephant (D)
  2 unseen horrors (D)
  A freezing wraith (D)
  2 tarantellas (D)
  A flying skull (D)
  A shadow (D)
  A basilisk (D)
  A wraith (D)
  A steam dragon (D)
  A redback (D)
  2 wargs (D)
  Edmund (D)
  An acid dragon (D)
  A floating eye (D)
  2 orc warriors (D)
  A sky beast (D)
  2 ogres (D)
  A centaur (D)
  A gnoll sergeant (D)
  A scorpion (D)
  A jelly (D)
  A hound (D)
  A mummy (D)
  An adder zombie (D)
  2 orcs (D)
  2 ball pythons (D)
  A bat skeleton (D)
  2 endoplasms (D)
  A goblin (D)
  2 hobgoblins (D)
  2 jackals (D)
  2 quokkas (D)
  A ball python skeleton (D)
  A kobold (D)
  A rat (D)
49 creatures vanquished.

Vanquished Creatures (collateral kills)
  A hydra (D)
  2 red devils (D)
  A wandering mushroom (D)
  A quokka (D)
5 creatures vanquished.

Grand Total: 54 creatures vanquished

Notes
Turn   | Place    | Note
-------+----------+-------------------------------------------
     0 | D        | BigDaddyOpFi the Demonspawn Fighter began the quest for the
                  | Orb.
     0 | D        | Reached XP level 1. HP: 18/18 MP: 1/1
    19 | D        | Found a bloodstained altar of Trog.
    19 | D        | Found a shimmering blue altar of Sif Muna.
    19 | D        | Found a viscous altar of Jiyva.
    19 | D        | Found a hazy altar of Hepliaklqana.
    19 | D        | Found an opulent altar of Gozag.
    20 | D        | Found a basalt altar of Yredelemnul.
    20 | D        | Found a shimmering altar of Xom.
    20 | D        | Found an ornate altar of the Wu Jian Council.
    20 | D        | Found a sacrificial altar of Ru.
    20 | D        | Found a stormy altar of Qazlal.
    20 | D        | Found an iron altar of Okawaru.
    20 | D        | Found a sparkling altar of Nemelex Xobeh.
    20 | D        | Found a burning altar of Makhleb.
    20 | D        | Found a blossoming altar of Fedhas.
    20 | D        | Found a shadowy altar of Dithmenos.
    20 | D        | Found a snail-covered altar of Cheibriados.
    21 | D        | Found a radiant altar of Vehumet.
    21 | D        | Found a corrupted altar of Lugonu.
    22 | D        | Found an ancient bone altar of Kikubaaqudgha.
    22 | D        | Found a hide-covered altar of Uskayaw.
    22 | D        | Found a broken altar of Ashenzari.
    27 | D        | Became a worshipper of Nemelex Xobeh the Trickster
    56 | D        | Reached skill level 1 in Invocations
    80 | D        | Noticed a floating eye
    83 | D        | Paralysed by a floating eye for 2 turns
    87 | D        | Killed a floating eye
    88 | D        | Reached skill level 6 in Invocations
    88 | D        | Gained mutation: You have a small tail. [demonic ancestry]
    88 | D        | Reached XP level 2. HP: 26/26 MP: 3/6
    88 | D        | Gained mutation: You have a tail ending in a sharp stinger.
                  | [demonic ancestry]
    88 | D        | Reached XP level 3. HP: 31/31 MP: 3/7
    88 | D        | Reached XP level 4. HP: 38/38 MP: 3/8
   206 | D        | Reached * piety under Nemelex Xobeh
   206 | D        | Noticed a scorpion
   213 | D        | Killed a scorpion
   214 | D        | Reached skill level 5 in Fighting
   214 | D        | Reached skill level 7 in Invocations
   214 | D        | Reached XP level 5. HP: 42/44 MP: 8/10
   216 | D        | Reached skill level 5 in Shields
   216 | D        | Reached skill level 8 in Invocations
   291 | D        | Received a gift from Nemelex Xobeh
   292 | D        | Noticed an ogre
   295 | D        | Noticed Edmund
   298 | D        | Noticed a flying skull
   302 | D        | Killed an ogre
   303 | D        | Reached skill level 5 in Armour
   303 | D        | Reached skill level 9 in Invocations
   303 | D        | Reached XP level 6. HP: 52/52 MP: 12/12
   307 | D        | Killed a flying skull
   308 | D        | Reached skill level 5 in Axes
   308 | D        | Reached skill level 10 in Invocations
   313 | D        | Killed Edmund
   314 | D        | Reached skill level 11 in Invocations
   314 | D        | Gained mutation: You are partially covered in slimy green
                  | scales. (AC +2) [demonic ancestry]
   314 | D        | Reached XP level 7. HP: 59/59 MP: 12/15
   665 | D        | Noticed a wraith
   676 | D        | Killed a wraith
   677 | D        | Reached skill level 12 in Invocations
  1048 | D        | Received a gift from Nemelex Xobeh
  1048 | D        | Noticed a wandering mushroom
  1048 | D        | Noticed a red devil
  1051 | D        | Reached ** piety under Nemelex Xobeh
  1054 | D        | Killed a red devil
  1055 | D        | Reached skill level 13 in Invocations
  1055 | D        | Gained mutation: You regenerate a little health from kills.
                  | [demonic ancestry]
  1055 | D        | Reached XP level 8. HP: 40/68 MP: 17/17
  1058 | D        | Killed a wandering mushroom
  1281 | D        | Got the +1 broad axe of Equilibrium {drain, Dex+3}
  1353 | D        | Received a gift from Nemelex Xobeh
  1374 | D        | Reached skill level 14 in Invocations
  1382 | D        | Killed an unseen horror
  1440 | D        | Noticed a tarantella
  1453 | D        | Killed a tarantella
  1459 | D        | Noticed a seven-headed hydra
  1477 | D        | Killed a nine-headed hydra
  1478 | D        | Reached skill level 15 in Invocations
  1478 | D        | Reached XP level 9. HP: 27/76 MP: 20/20
  1492 | D        | Noticed a red devil
  1499 | D        | Killed a red devil
  1500 | D        | Reached skill level 16 in Invocations
  1829 | D        | Reached *** piety under Nemelex Xobeh
  1831 | D        | Received a gift from Nemelex Xobeh
  1936 | D        | Killed an unseen horror
  2058 | D        | Received a gift from Nemelex Xobeh
  2058 | D        | Noticed Gastronok
  2058 | D        | Noticed a wolf spider
  2064 | D        | Killed a wolf spider
  2065 | D        | Reached skill level 10 in Fighting
  2065 | D        | Reached skill level 17 in Invocations
  2068 | D        | Killed Gastronok
  2069 | D        | Gained mutation: You have a sharp stinger which inflicts
                  | weakening toxins. [demonic ancestry]
  2069 | D        | Reached XP level 10. HP: 55/86 MP: 22/22
  2075 | D        | Reached skill level 18 in Invocations
  2080 | D        | Noticed an orc knight
  2083 | D        | Noticed an elephant
  2088 | D        | Reached skill level 10 in Armour
  2088 | D        | Reached skill level 10 in Shields
  2090 | D        | Killed an orc knight
  2096 | D        | Killed an elephant
  2118 | D        | Noticed a demonic crawler
  2120 | D        | Reached skill level 10 in Axes
  2120 | D        | Reached skill level 19 in Invocations
  2120 | D        | Noticed a death yak
  2121 | D        | Noticed a death yak
  2121 | D        | Noticed a death yak
  2122 | D        | Noticed a cane toad
  2123 | D        | Noticed a death yak
  2126 | D        | Received a gift from Nemelex Xobeh
  2129 | D        | Noticed a death yak
  2144 | D        | HP: 4/88 [death yak (4)]
  2144 | D        | Mangled by a shadow wraith

Illustrated notes

Levels and vault maps discovered:
D:        pitsprint [storerooms_1, entrance_room_1, metal_vault_4, armoury_3,
          mini_pit_1, grid_room_1, main_hall_1, silver_pit, the_coven_2,
          the_vestibule_1, steel_vault_3, golden_pit, hallway_of_sentries,
          crystal_vault_4, iron_vault_3, final_vault]

Skill      XL: |  1  2  3  4  5  6  7  8  9 10 |
---------------+-------------------------------+-----
Axes           | 3 4 6 8 9 10 | 10.1
Invocations    | 6 7 9 11 13 15 17 19 | 19.1
Armour         | 4 5 6 7 8 9 10 | 10.3
Fighting       | 4 5 6 7 9 10 11 | 11.2
Shields        | 4 5 6 7 8 9 10 | 10.4

Action                     |  1- 3 |  4- 6 |  7- 9 | 10-12 || total
---------------------------+-------+-------+-------+-------++-------
  Melee: War axe           |    14 |    30 |    40 |       ||    84
         Tailslap          |       |     5 |    14 |     3 ||    22
         Broad axe         |       |       |    61 |    22 ||    83
 Invoke: Draw Summoning    |       |       |     2 |     2 ||     4
         Draw Destruction  |       |       |     1 |     4 ||     5
         Triple Draw       |       |       |     2 |       ||     2
         Draw Escape       |       |       |       |     2 ||     2
    Use: Potion            |       |     1 |     4 |     6 ||    11
         Scroll            |       |       |       |     1 ||     1
   Stab: Petrified         |       |       |     1 |       ||     1
 Armour: Scale mail        |     5 |     5 |       |       ||    10
         Ring mail         |       |     5 |    17 |       ||    22
         Chain mail        |       |       |   107 |    34 ||   141
  Dodge: Dodged            |     2 |    19 |    70 |    55 ||   146
  Block: Buckler           |     2 |     8 |    42 |    25 ||    77

Table legend: (Time is in decaauts)
 A = Elapsed time spent in this place.
 B = Non-inter-level travel time spent in this place.
 C = Inter-level travel time spent in this place.
 D = Time resting spent in this place.
 E = Time spent auto-exploring this place.
 F = Levels seen in this place.
 G = Mean time per level.
                   A        B        C        D        E       F      G
               +--------+--------+--------+--------+--------+-----+--------+
         Total |   2214 |   2152 |     62 |   1490 |      0 |   1 | 2214.0 |
       Dungeon |   2214 |   2152 |     62 |   1490 |      0 |   1 | 2214.0 |
               +--------+--------+--------+--------+--------+-----+--------+

Top non-repeatable levels by time:
       D: 2214 daAuts
